 Dungeon Crawl Stone Soup version 0.21.1-1-g345015f (webtiles) character file.

19187 n0claF the Fighter (level 12, -2/112 HPs)
             Began as a Minotaur Berserker on July 4, 2018.
             Was a High Priest of Trog.
             Slain by a tentacled starspawn (4 damage)
             ... on level 3 of the Abyss.
             The game lasted 00:45:07 (11318 turns).

n0claF the Fighter (Minotaur Berserker)            Turns: 11318, Time: 00:45:08

Health: -2/112     AC: 17    Str: 25    XL:     12   Next: 34%
Magic:  8/11       EV: 14    Int:  4    God:    Trog [*****.]
Gold:   800        SH:  0    Dex: 12    Spells: 11/11 levels left

rFire    . . .     SeeInvis .   S - +2 executioner's axe (freeze)
rCold    . . .     Gourm    .   (shield currently unavailable)
rNeg     . . .     Faith    .   k - +2 chain mail {MR+}
rPois    .         Spirit   .   (helmet restricted)
rElec    .         Reflect  .   h - +0 cloak
rCorr    .         Harm     .   (no gloves)
MR       +....                  c - +0 pair of boots
Stlth    ..........             v - amulet of regeneration {!d}
HPRegen  0.00/turn              (no ring)
MPRegen  0.12/turn              (no ring)

@: non-regenerating, badly diseased, hasted, very quick
A: retaliatory headbutt, horns 2
a: Berserk, Trog's Hand, Brothers in Arms, Burn Spellbooks, Renounce Religion


You were on level 3 of the Abyss.
You worshipped Trog.
Trog was extremely pleased with you.
You were not hungry.

You visited 2 branches of the dungeon, and saw 13 of its levels.
You visited the Abyss 1 time.
You also visited: Sewer and Bailey.

You collected 800 gold pieces.

Inventory:

Hand Weapons
 C - a -1 arbalest
   (You took it off an orc warrior in a bailey)
 F - a +3 antimagic demon whip
   (Trog gifted it to you on level 9 of the Dungeon)
 O - a +4 scimitar of flaming
   (You took it off Erica on level 11 of the Dungeon)
 S - a +2 executioner's axe of freezing (weapon)
   (You took it off Rupert on level 12 of the Dungeon)
Missiles
 D - 68 bolts
Armour
 c - a +0 pair of boots (worn)
   (You found it on level 6 of the Dungeon)
 h - a +0 cloak (worn)
   (You found it on level 2 of the Dungeon)
 j - a +1 plate armour
   (You found it on level 2 of the Dungeon)
 k - a +2 chain mail of magic resistance (worn)
   (You found it in a bailey)
 y - a +0 shield
   (You found it on level 6 of the Dungeon)
 R - the +0 leather armour "Fiozebb" {rC+ Regen+ Stlth+}
   (You found it on level 11 of the Dungeon)

   It protects you from cold.
   It increases your rate of regeneration.
   It makes you more stealthy.
Jewellery
 a - a cursed -2 ring of protection {unknown}
   (You found it on level 9 of the Dungeon)
 t - an uncursed ring of poison resistance {unknown}
   (You found it on level 10 of the Dungeon)
 v - an amulet of regeneration (around neck) {!d}
   (You found it on level 4 of the Dungeon)
 Q - an uncursed ring of protection from fire {unknown}
   (You found it on level 11 of the Dungeon)
Wands
 d - a wand of iceblast (9)
   (You found it on level 10 of the Dungeon)
 u - a wand of paralysis (18)
   (You found it on level 5 of the Dungeon)
 x - a wand of acid (10)
   (You found it on level 4 of the Dungeon)
 K - a wand of polymorph (13)
   (You found it on level 10 of the Dungeon)
 M - a wand of enslavement (23)
   (You found it on level 11 of the Dungeon)
Scrolls
 i - 4 scrolls of fear
 l - a scroll of blinking
 n - 4 scrolls of remove curse {@r2}
 p - 2 scrolls of immolation {!r}
 q - 2 scrolls of teleportation {@r4}
 r - 4 scrolls of enchant weapon {unknown}
 s - a scroll of fog {unknown}
 E - 3 scrolls of amnesia {unknown}
 I - a scroll of summoning {unknown}
 L - 9 scrolls of identify {@r1}
 P - 2 scrolls of magic mapping
Potions
 b - 3 potions of magic
 f - a potion of curing {@q1}
 g - 4 potions of resistance
 m - 3 potions of lignification {!q}
 o - a potion of cancellation
 w - 2 potions of might {unknown}
 z - 4 potions of invisibility
 B - 3 potions of haste {@q3}
 G - 2 potions of agility
 H - a potion of ambrosia {unknown}
 J - a potion of heal wounds {unknown}
Comestibles
 e - 21 rations {!d}


   Skills:
 + Level 11.9 Fighting
 - Level 9.9 Long Blades
 + Level 4.0(5.4) Axes
 - Level 5.5(6.1) Maces & Flails
 + Level 11.7 Armour
 + Level 10.8 Dodging
 + Level 8.4 Shields


You had 11 spell levels left.
You didn't know any spells.

Dungeon Overview and Level Annotations

Branches:
Dungeon (12/15)            Temple (1/1) D:6            Lair (0/6) D:8
    Orc (0/2) D:12

Altars:
Ashenzari
Cheibriados
Dithmenos
Elyvilon
Fedhas
Gozag
Hepliaklqana
Kikubaaqudgha
Makhleb
Nemelex Xobeh
Okawaru
Qazlal
Ru
Sif Muna
Trog
Uskayaw
Vehumet
Wu Jian
Xom
Yredelemnul
Zin
The Shining One

Shops:
D:12 [

Annotations:
D:9 exclusion: obsidian statue
D:12 empire's ghost, journeyman MiFi


Innate Abilities, Weirdness & Mutations

You reflexively headbutt those who attack you in melee.
You have a pair of horns on your head.


Message History

The starspawn tentacle is destroyed!
A starspawn tentacle comes into view.
Your skin stops crawling.
You feel less resistant to hostile enchantments.
The tentacled starspawn bites your ogre!!
The tentacled starspawn engulfs your ogre!
Your ogre dies!
Your ogre's corpse disappears in a puff of smoke!
A shadow comes into view.
The shadow moves out of view.
An ancient zyme comes into view.
You feel yourself growing ill in the presence of the ancient zyme.
The shadow slips into darkness.
The shadow flickers and vanishes!
Deactivating autopickup; reactivate with Ctrl-A.
You slash something!
The shadow strikes at you from the darkness!
* * * LOW HITPOINT WARNING * * *
Reactivating autopickup.
A bone dragon comes into view.
A tentacle flies out from the starspawn's body!
A starspawn tentacle comes into view.
A chorus of shrieks assaults your mind.
* * * LOW HITPOINT WARNING * * *
A large abomination comes into view.
A small abomination comes into view.
The shadow slips into darkness.
The shadow flickers and vanishes!
Deactivating autopickup; reactivate with Ctrl-A.
You feel ill.
You feel ill.
A blink frog comes into view.
The blink frog croaks.
You hear a loud, deep croak!
The blink frog blinks!
A blink frog comes into view.
A neqoxec comes into view.
The blink frog croaks.
The neqoxec shouts!
The neqoxec gestures at you.
Something tries to feed on your intellect!
A ynoxinul comes into view.
The ynoxinul bellows!
You feel ill.
A tentacled starspawn comes into view.
A blink frog comes into view.
The blink frog croaks.
The ynoxinul gestures.
The tentacled starspawn bites you!!
* * * LOW HITPOINT WARNING * * *
The tentacled starspawn engulfs you.
You die...

.. ... .5.... . .. #..
#..##..##..# ..# ..
#..##..##3F##..##..##..
....................
...5.5F........... #.
#..##..##.. #..# ..
##..##..##F5##3.##..##..
.......X...X..X.........
.......@.....X..........
.
##..##..##..##..##X.##..
# #..##..##.X##..# ..
............x....... .
.................X.....
. #..##..##..##..##XX##.
# .. #..##..##..# X.##..
. ......... ..... X.....
. . .─


X DX.... .. You could see a starcursed mass, 2 tentacled starspawn, a large
abomination, a blink frog, a neqoxec and 2 ufetubi.

Vanquished Creatures
  Rupert (D:12)
  The ghost of teukkam the Grappler, a journeyman TrMo of Jiyva (D:11)
  Fannar (D:10)
  Erica (D:11)
  A two-headed ogre (D:3)
  An orc knight (Bailey)
  An ugly thing (D:12)
  A deep elf mage (D:12)
  A centaur zombie (D:12)
  4 hornets
  6 slime creatures (D:12)
  3 hippogriffs
  2 large abominations (Abyss:3)
  A wraith (D:11)
  A wyvern (D:9)
  5 yaks (D:10)
  A steam dragon (D:8)
  2 hungry ghosts
  2 hell hounds (D:8)
  An acid dragon (D:12)
  3 ice beasts
  An eye of draining (Abyss:3)
  13 orc warriors
  3 sky beasts
  The ghost of Vehem the Skirmisher, an amateur HOBe of Trog (D:3)
  6 ogres
  2 phantoms
  11 centaurs
  A crocodile (Sewer)
  A big kobold (D:8)
  8 bullfrogs
  A hornet simulacrum (D:12)
  5 scorpions
  8 killer bees
  3 wights (D:9)
  2 howler monkeys
  3 crimson imps
  7 hounds
  2 bullfrog zombies (D:7)
  2 jellies (D:11)
  4 orc priests
  A wyvern simulacrum (D:12)
  3 centaur skeletons
  16 orc wizards
  A bullfrog skeleton (D:4)
  3 iguanas
  Terence (D:2)
  Natasha (twice) (D:2)
  11 worker ants
  A howler monkey zombie (D:11)
  6 gnolls
  7 adders
  A shadow imp (D:5)
  A white imp (Abyss:3)
  An ooze (D:3)
  2 adder zombies
  5 adder skeletons
  2 worms
  4 dart slugs
  6 leopard geckos
  39 orcs
  13 bats
  2 giant cockroaches
  13 goblins
  6 hobgoblins
  8 jackals
  11 kobolds
  A quokka (D:6)
  4 ball pythons
  7 frilled lizards
  A jackal skeleton (D:7)
  A quokka skeleton (D:6)
  A quokka zombie (D:8)
  10 rats
315 creatures vanquished.

Vanquished Creatures (collateral kills)
  The ghost of Th3D0c the Cleaver, a journeyman MiBe of Trog (D:11)
  Erolcha (D:10)
  A hydra (D:11)
  A wyvern (D:11)
  3 killer bees (D:11)
  2 starcursed masses (Abyss:3)
  A jelly (Abyss:3)
  2 starspawn tentacles (Abyss:3)
12 creatures vanquished.

Vanquished Creatures (others)
  8 starspawn tentacles (Abyss:3)
  A withered plant (D:6)
9 creatures vanquished.

Grand Total: 336 creatures vanquished

Notes
Turn   | Place    | Note
-------+----------+-------------------------------------------
     0 | D:1      | n0claF the Minotaur Berserker began the quest for the Orb.
     0 | D:1      | Reached XP level 1. HP: 19/19 MP: 0/0
   115 | D:1      | Reached XP level 2. HP: 15/27 MP: 1/1
   591 | D:2      | Found a faded altar of an unknown god.
   693 | D:2      | Noticed Terence
   700 | D:2      | Reached XP level 3. HP: 27/33 MP: 2/2
   700 | D:2      | Killed Terence
   843 | D:2      | Found a white marble altar of Elyvilon.
   860 | D:2      | Reached ** piety under Trog
   860 | D:2      | Reached XP level 4. HP: 41/41 MP: 3/3
   959 | D:2      | Noticed Natasha
   965 | D:2      | Killed Natasha
  1206 | D:2      | Noticed Natasha
  1230 | D:2      | Killed Natasha
  1404 | D:3      | Reached XP level 5. HP: 43/47 MP: 4/4
  1450 | D:3      | Found a sparkling altar of Nemelex Xobeh.
  1463 | D:3      | Found a sacrificial altar of Ru.
  1477 | D:3      | Noticed a two-headed ogre
  1478 | D:3      | Found a shadowy altar of Dithmenos.
  1542 | D:3      | Killed a two-headed ogre
  1542 | D:3      | Reached skill level 5 in Armour
  1542 | D:3      | Reached skill level 5 in Dodging
  1542 | D:3      | Reached XP level 6. HP: 25/57 MP: 5/5
  1542 | D:3      | Reached XP level 7. HP: 28/63 MP: 6/6
  1866 | D:3      | Noticed Vehem's ghost (amateur HOBe)
  1883 | D:3      | Killed Vehem's ghost
  1935 | D:3      | Reached *** piety under Trog
  2434 | D:4      | Reached XP level 8. HP: 71/71 MP: 7/7
  2615 | D:4      | Found a glowing drain.
  2634 | Sewer    | Entered a sewer
  3144 | D:4      | Reached **** piety under Trog
  3212 | D:4      | Found a shimmering altar of Xom.
  3743 | D:5      | Entered Level 5 of the Dungeon
  4199 | D:5      | Reached XP level 9. HP: 71/81 MP: 8/8
  4203 | D:5      | Found an iron altar of Okawaru.
  4404 | D:5      | Found an iron altar of Okawaru.
  4973 | D:6      | Found an ancient bone altar of Kikubaaqudgha.
  5244 | D:6      | Found a staircase to the Ecumenical Temple.
  5262 | Temple   | Entered the Ecumenical Temple
  5416 | D:6      | Found a stormy altar of Qazlal.
  5421 | D:6      | Reached ***** piety under Trog
  5427 | D:6      | Reached skill level 1 in Shields
  5813 | D:7      | Found a flagged portal.
  5832 | Bailey   | Entered a bailey
  5832 | Bailey   | Noticed an orc knight
  5850 | Bailey   | Killed an orc knight
  5850 | Bailey   | Reached XP level 10. HP: 91/91 MP: 9/9
  6137 | Bailey   | Got a sheer robe
  6284 | D:7      | Paralysed by a hornet for 2 turns
  6960 | D:8      | Found a staircase to the Lair.
  7057 | D:8      | Reached skill level 10 in Fighting
  7157 | D:8      | Reached skill level 1 in Axes
  7265 | D:8      | Found a snail-covered altar of Cheibriados.
  7431 | D:8      | Found a deep blue altar of Sif Muna.
  7726 | D:9      | Found an ornate altar of the Wu Jian Council.
  7872 | D:9      | Received a gift from Trog
  7880 | D:9      | Reached skill level 5 in Shields
  7957 | D:9      | Noticed an obsidian statue
  7983 | D:9      | Found a basalt altar of Yredelemnul.
  8107 | D:9      | Reached skill level 1 in Maces & Flails
  8625 | D:9      | Noticed a sun demon
  8626 | D:9      | Noticed a rust devil
  8626 | D:9      | Noticed a rust devil
  8784 | D:10     | Entered Level 10 of the Dungeon
  8889 | D:10     | Reached skill level 10 in Armour
  8897 | D:10     | Reached XP level 11. HP: 57/101 MP: 3/10
  9183 | D:10     | Noticed Fannar
  9221 | D:10     | Killed Fannar
  9458 | D:11     | Noticed Erolcha
  9476 | D:10     | Killed Erolcha
  9551 | D:11     | Noticed teukkam's ghost (journeyman TrMo)
  9576 | D:11     | Killed teukkam's ghost
  9697 | D:11     | Noticed an eight-headed hydra
  9698 | D:11     | Noticed Th3D0c's ghost (journeyman MiBe)
  9700 | D:11     | Killed an eight-headed hydra
  9703 | D:11     | Killed Th3D0c's ghost
  9778 | D:11     | Noticed Erica
  9802 | D:11     | Killed Erica
  9891 | D:11     | Found a blossoming altar of Fedhas.
  9973 | D:11     | Reached skill level 10 in Dodging
 10277 | D:11     | Got a jewelled leather armour
 10324 | D:11     | Identified the +0 leather armour "Fiozebb" {rC+ Regen+ Stlth+} (You found it on level 11 of the Dungeon)
 10389 | D:12     | Found a staircase to the Orcish Mines.
 10411 | D:12     | Noticed Rupert
 10430 | D:12     | Killed Rupert
 10430 | D:12     | Reached skill level 5 in Maces & Flails
 10586 | D:12     | Found Beach's Antique Armour Shop.
 10593 | D:12     | Reached XP level 12. HP: 110/110 MP: 11/11
 10903 | D:12     | Noticed empire's ghost (journeyman MiFi)
 11161 | D:12     | Cast into level 3 of the Abyss (a wizard)
 11166 | Abyss:3  | Found a hazy altar of Hepliaklqana.
 11250 | Abyss:3  | Noticed a starcursed mass
 11258 | Abyss:3  | Paralysed by accursed screaming for 2 turns
 11263 | Abyss:3  | Noticed a tentacled starspawn
 11276 | Abyss:3  | Paralysed by accursed screaming for 2 turns
 11300 | Abyss:3  | Noticed a bone dragon
 11314 | Abyss:3  | Noticed a tentacled starspawn
 11318 | Abyss:3  | HP: 2/112 [tentacled starspawn (19)]
 11318 | Abyss:3  | Slain by a tentacled starspawn

Skill      XL: |  1  2  3  4  5  6  7  8  9 10 11 12 |
---------------+-------------------------------------+-----
Fighting       | 4 6 8 9 10 11 | 11.9
Long Blades    | 4 6 7 9 |  9.9
Armour         | 3 5 6 7 8 10 11 | 11.7
Dodging        | 3 5 6 8 9 10 | 10.8
Shields        | 2 5 7 8 |  8.4
Axes           | 2 4 |  4.0
Maces & Flails | 1 5 |  5.5

Action                   |  1- 3 |  4- 6 |  7- 9 | 10-12 || total
-------------------------+-------+-------+-------+-------++-------
Melee: Falchion          |    65 |    60 |   437 |   108 ||   670
       Headbutt          |     9 |     9 |   109 |   131 ||   258
       Whip              |       |       |    35 |       ||    35
       Broad axe         |       |       |       |    99 ||    99
       Demon whip        |       |       |       |   203 ||   203
       Executioner's axe |       |       |       |   104 ||   104
 Fire: Arbalest          |       |       |       |    34 ||    34
Invok: Berserk           |       |     1 |     2 |     6 ||     9
       Trog's Hand       |       |       |     1 |     5 ||     6
       Brothers in Arms  |       |       |     1 |     3 ||     4
       Burn Spellbooks   |       |       |       |     2 ||     2
  Use: Scroll            |       |       |    18 |     7 ||    25
       Potion            |       |       |       |     5 ||     5
  Eat: Chunk             |       |     2 |    17 |    24 ||    43
       Ration            |       |       |       |     4 ||     4
Armor: Animal skin       |     2 |       |       |       ||     2
       Ring mail         |    25 |     4 |       |       ||    29
       Plate armour      |       |    27 |   271 |   100 ||   398
       Chain mail        |       |       |       |   156 ||   156
Dodge: Dodged            |    49 |    32 |   176 |   277 ||   534
Block: Shield            |       |       |    35 |   218 ||   253
       Rpst.: Falchion   |    18 |     8 |    41 |     4 ||    71
